 Dungeon Crawl Stone Soup version 0.30-a0-881-g1ff12e1e11 (webtiles) character file.

Game seed: 11419886161675833380

2012 retardedninja the Covered (level 9, -2/79 HPs)
             Began as an Armataur Fighter on Mar 14, 2023.
             Was a Follower of Hepliaklqana.
             Engulfed by a steam dragon's steam (10 damage)
             ... on level 7 of the Dungeon.
             The game lasted 00:09:33 (7021 turns).

retardedninja the Covered (Armataur Fighter)        Turns: 7021, Time: 00:09:34

Health: -2/79      AC:  7    Str: 25    XL:     9   Next: 2%
Magic:  9/9        EV:  7    Int:  8    God:    Hepliaklqana [*.....]
Gold:   283        SH:  5    Dex:  9    Spells: 8/8 levels left

rFire   . . .      SeeInvis .    a - +0 war axe
rCold   . . .      Faith    .    c - +0 buckler
rNeg    . . .      Spirit   .    b - +0 scale mail
rPois   .          Reflect  .    (no helmet)
rElec   .          Roll     +    (no cloak)
rCorr   .                        (no gloves)
Will    +....                    (no barding) Stlth
                                 (no amulet)
HPRegen 0.33/turn                (no ring)
MPRegen 0.11/turn                (no ring)

@: no status effects
A: reduced essence, large, rugged brown scales 3, deformed body, armoured tail,
roll, long tongue, awkward tongue, hooves 1, dopey 1, strong-willed 1, robust 1
a: Renounce Religion, Recall Ancestor, Ancestor Identity


You were on level 7 of the Dungeon.
You worshipped Hepliaklqana.
Hepliaklqana was aware of your devotion.
You visited 2 branches of the dungeon, and saw 8 of its levels.

You collected 283 gold pieces.

Inventory:

Hand Weapons
 a - a +0 war axe (weapon)
Armour
 b - a +0 scale mail (worn)
 c - a +0 buckler (worn)
Jewellery
 l - a ring of wizardry
Wands
 r - a wand of digging (9)
Scrolls
 d - a scroll of enchant armour {unknown}
 h - 6 scrolls of teleportation
 i - a scroll of noise
 j - a scroll of magic mapping
 o - a scroll of fear
 p - a scroll of immolation
 s - a scroll of amnesia
 t - a scroll of identify
 u - a scroll of acquirement {unknown}
Potions
 f - 2 potions of mutation
 g - 2 potions of flight
 k - 3 potions of resistance
 n - a potion of degeneration
 q - a potion of attraction


   Skills:
 + Level 5.5 Fighting
 * Level 6.4 Axes
 + Level 7.3 Armour
 + Level 6.6 Shields


You had 8 spell levels left.
You didn't know any spells.
Your spell library contained the following spells:

 Spells                   Type           Power      Damage    Failure   Level
 Kiss of Death            Conj/Necr      0%         2d5       75%         1
 Sting                    Tmut/Pois      0%         1d3       75%         1
 Poisonous Vapours        Pois/Air       0%         N/A       86%         2
 Confusing Touch          Hex            0%         N/A       98%         3
 Summon Guardian Golem    Hex/Summ       0%         N/A       98%         3
 Dispel Undead            Necr           0%         3d6       100%        4
 Olgreb's Toxic Radiance  Pois           0%         N/A       100%        4
 Orb of Destruction       Conj           0%         9d5       100%        7
 Spellforged Servitor     Conj/Summ      0%         N/A       100%        7


Dungeon Overview and Level Annotations

Branches:
Dungeon (7/15)             Temple (1/1) D:5

Altars:
Ashenzari
Cheibriados
Fedhas
Gozag
Hepliaklqana
Kikubaaqudgha
Makhleb
Okawaru
Ru
Sif Muna
Trog
Vehumet
Wu Jian
Xom


Innate Abilities, Weirdness & Mutations

Your life essence is reduced to manifest your ancestor. (-10% HP)
You are completely covered in rugged brown scales. (AC +3, +7% HP)
Armour fits poorly on your strangely shaped body.
You have a long armoured tail.
You roll when moving toward enemies. (Rampage)
Your long tongue fully drains potion bottles. (2x potion effects)
Your tongue gives you trouble enunciating. (1.5x scroll delay)
You have large cloven feet.
You are dopey. (Int -2)
You are strong-willed. (Will+)
You are robust. (+10% HP)


Message History

The orc warrior looks frightened!
The orc priest resists with some effort.
The orc looks frightened!
The water moccasin looks frightened!
The orc looks frightened!
The orc looks frightened! x2
The orc priest hits you but does no damage.
A steam dragon comes into view.
The orc priest begins to cast a cantrip, but forgets the words!
You roll towards the orc!
Things that are here:
a +0 club; an orc corpse You roll towards the orc priest!
You hit the orc priest.
You kick the orc priest, but do no damage.
The orc priest is moderately wounded.
The orc priest hits you with a +0 mace.
You slash the orc priest!
You kill the orc priest!
The steam dragon hisses angrily.
You see here a +0 mace.
You roll towards the orc!
Things that are here:
a +0 club; an orc corpse You roll towards the orc!
The steam dragon breathes steam at you. The ball of steam hits you!
You are engulfed in a cloud of scalding steam.
You closely miss the steam dragon. The steam dragon breathes steam at you.
The ball of steam hits you!!
* * * LOW HITPOINT WARNING * * *
You closely miss the steam dragon.
You are engulfed in a cloud of scalding steam.
The steam dragon barely misses you.
The steam dragon claws you but does no damage.
The steam dragon breathes steam at you. The ball of steam misses you.
Okay, then.
You hit the steam dragon but do no damage.
You are engulfed in a cloud of scalding steam.
You die...

####.##+##### ...
............# ##.#...
##.##..>....#######.....# ..
#...................##.# .....
####.........#.........##.....
##..#.....#....[..........
#..#.....#.###....#....##.
#..+.....#.§..............
#.##.......@......#.......
#..........D......#......#
#........§.§.).)........
####.#....##)##.......
....................
..#.#....##.#........
##.#.#....##.#..#..... # #
#.......# .#.#... ......... ..
....


You could see a steam dragon (catching breath).

Vanquished Creatures
  The ghost of jasper the Trooper, a novice DsGl of Ignis (D:5)
  Eustachio (D:4)
  3 ice beasts
  A sky beast (D:7)
  A centaur (D:5)
  An ogre (D:5)
  A bullfrog (D:6)
  A scorpion (D:5)
  3 wights (D:6)
  A howler monkey (D:7)
  2 hounds
  2 iguanas
  2 orc priests
  An iron imp (D:4)
  A sleepcap (D:5)
  4 orc wizards
  A gnoll (D:1)
  5 adders
  2 white imps (D:6)
  A worm (D:4)
  4 dart slugs
  22 orcs
  5 endoplasms
  3 giant cockroaches
  5 hobgoblins
  4 jackals (D:1)
  8 kobolds
  2 quokkas
  9 ball pythons
  6 bats
  5 goblins
  6 rats
114 creatures vanquished.

Vanquished Creatures (collateral kills)
  An ogre (D:5)
  A howler monkey (D:7)
  An orc priest (D:4)
  An iguana (D:5)
  2 orc wizards (D:4)
  2 orcs
  A kobold (D:4)
9 creatures vanquished.

Vanquished Creatures (others)
  4 ancestors
4 creatures vanquished.

Grand Total: 127 creatures vanquished

Notes
Turn   | Place    | Note
-------+----------+-------------------------------------------
     0 | D:1      | retardedninja the Armataur Fighter began the quest for the
                  | Orb.
     0 | D:1      | Reached XP level 1. HP: 19/19 MP: 1/1
   161 | D:1      | Reached XP level 2. HP: 26/26 MP: 2/2
   263 | D:1      | Reached skill level 4 in Armour
   263 | D:1      | Reached XP level 3. HP: 21/32 MP: 3/3
   736 | D:2      | Found a broken altar of Ashenzari.
  1321 | D:3      | Reached XP level 4. HP: 33/39 MP: 4/4
  1420 | D:3      | Found an iron altar of Okawaru.
  1420 | D:3      | Found a blossoming altar of Fedhas.
  1541 | D:3      | Found a hazy altar of Hepliaklqana.
  1561 | D:3      | Became a worshipper of Hepliaklqana the Forgotten
  2493 | D:4      | Found a snail-covered altar of Cheibriados.
  2543 | D:4      | Reached XP level 5. HP: 21/48 MP: 5/5
  2797 | D:4      | Noticed Eustachio
  2825 | D:4      | Killed Eustachio
  2826 | D:4      | Reached skill level 5 in Armour
  2826 | D:4      | Reached XP level 6. HP: 30/55 MP: 6/6
  3160 | D:4      | Reached * piety under Hepliaklqana
  3213 | D:4      | Noticed an ice beast
  3247 | D:4      | Killed an ice beast
  3809 | D:4      | Found a radiant altar of Vehumet.
  3828 | D:4      | Reached XP level 7. HP: 57/57 MP: 7/7
  3829 | D:4      | Reached skill level 5 in Shields
  3934 | D:5      | Entered Level 5 of the Dungeon
  3945 | D:5      | Found a staircase to the Ecumenical Temple.
  3964 | Temple   | Entered the Ecumenical Temple
  3974 | D:5      | Noticed jasper's ghost (novice DsGl)
  3975 | D:5      | Found a runed translucent door.
  4296 | D:5      | Gained mutation: You are dopey. (Int -2) [potion of
                  | mutation]
  4296 | D:5      | Gained mutation: You have large cloven feet. [potion of
                  | mutation]
  4296 | D:5      | Gained mutation: Your spells are a little harder to cast,
                  | but a little more powerful. [potion of mutation]
  4296 | D:5      | Lost mutation: Your spells are a little harder to cast, but
                  | a little more powerful. [potion of mutation]
  4296 | D:5      | Gained mutation: You are robust. (+10% HP) [potion of
                  | mutation]
  4296 | D:5      | Gained mutation: You are strong-willed. (Will+) [potion of
                  | mutation]
  4613 | D:5      | Reached skill level 6 in Armour
  4870 | D:5      | Found an ornate altar of the Wu Jian Council.
  4885 | D:5      | Reached skill level 5 in Axes
  5105 | D:5      | Reached XP level 8. HP: 51/71 MP: 8/8
  5206 | D:5      | Killed jasper's ghost
  5207 | D:5      | Reached skill level 5 in Fighting
  6767 | D:6      | Reached skill level 7 in Armour
  7003 | D:7      | Reached XP level 9. HP: 48/79 MP: 9/9
  7021 | D:7      | Engulfed by a steam dragon's steam

Illustrated notes

Levels and vault maps discovered:
D:1:      ncdulo_lavacross, layout_loops_ring, minmay_tetromino_l4
D:2:      layout_loops_cross, basic_altar
D:3:      layout_basic, mainiacjoe_overflow_tiny_flanked,
          gammafunk_temple_overflow_wave
D:4:      layout_loops_ring, chei_slow_surprise, vehumet_crystals,
          corexii_checkpoint_a, uniq_eustachio
D:5:      layout_rooms, nicolae_wu_jian_wuxing_cycle,
          minmay_temple_entry_statues_fountains, hellmonk_ghost_happy_afterlife
D:6:      layout_rooms, dreamdust_wishing_well
D:7:      layout_basic, nicolae_qazlal_scattered_showers
Temple:   hellmonk_temple_micro_hex

Skill      XL: |  1  2  3  4  5  6  7  8 |
---------------+-------------------------+-----
Axes           | 2 3 4 5 6 |  6.4
Armour         | 4 5 6 7 |  7.3
Fighting       | 3 4 5 |  5.5
Shields        | 4 5 6 |  6.6

Action                     |  1- 3 |  4- 6 |  7- 9 || total
---------------------------+-------+-------+-------++-------
  Melee: War axe           |    96 |   134 |   120 ||   350
         Tailslap          |     6 |    13 |    13 ||    32
         Kick              |       |       |    22 ||    22
 Invoke: Ancestor Identity |       |       |     2 ||     2
         Recall Ancestor   |       |       |     1 ||     1
    Use: Potion            |     1 |     3 |     7 ||    11
         Scroll            |     2 |       |    13 ||    15
   Stab: Distracted        |       |       |     1 ||     1
 Armour: Scale mail        |    59 |    64 |    55 ||   178
  Dodge: Dodged            |    41 |    57 |    44 ||   142
  Block: Buckler           |    17 |    34 |    34 ||    85

Table legend: (Time is in decaauts)
 A = Elapsed time spent in this place.
 B = Non-inter-level travel time spent in this place.
 C = Inter-level travel time spent in this place.
 D = Time resting spent in this place.
 E = Time spent auto-exploring this place.
 F = Levels seen in this place.
 G = Mean time per level.
                   A        B        C        D        E       F      G
               +--------+--------+--------+--------+--------+-----+--------+
         Total |   7133 |   6965 |    168 |   2374 |   3533 |   8 |  891.6 |
       Dungeon |   7131 |   6963 |    168 |   2374 |   3533 |   7 | 1018.7 |
        Temple |      1 |      1 |      0 |      0 |      0 |   1 |    1.0 |
               +--------+--------+--------+--------+--------+-----+--------+

Top non-repeatable levels by time:
     D:4: 1819 daAuts
     D:5: 1608 daAuts
     D:6: 1141 daAuts
     D:3: 1140 daAuts
     D:1: 739 daAuts
     D:2: 607 daAuts
     D:7: 74 daAuts
  Temple: 1 daAuts
